 Dungeon Sprint DCSS version 0.28.0-53-g5a82cb258f (webtiles) character file.

Game seed: 8481722662835358714

64271 Zeld the Conqueror (level 14, -2/252 HPs)
             Began as a Minotaur Berserker on June 13, 2022.
             Was the Champion of Trog.
             Slain by Mara (illusionary)
             ... wielding a +0 demon whip of electrocution
              (16 damage)
             ... in the Dungeon (Sprint IX: "|||||||||||||||||||||||||||||").
             The game lasted 00:09:40 (8798 turns).

Zeld the Conqueror (Minotaur Berserker)             Turns: 8798, Time: 00:09:40

Health: -2/252     AC: 16    Str: 31    XL:     14   Next: 71%
Magic:  13/13      EV: 19    Int:  8    God:    Trog [******]
Gold:   1061       SH:  0    Dex: 17    Spells: 13/13 levels left

rFire   + . .      SeeInvis .   a - +4 executioner's axe (flame)
rCold   + + +      Faith    .   (shield currently unavailable)
rNeg    . . .      Spirit   .   b - +0 plate armour
rPois   .          Reflect  .   D - -4 hat of the Centipede {Str+4 Int+4}
rElec   .          Harm     .   h - +1 cloak
rCorr   .          Rampage  .   u - -6 pair of gloves of the Harp {Drain rC++ Dex+7}
Will    +....      NoTele   +   t - +0 pair of boots
Stlth   ..........              (no amulet)
HPRegen 0.52/turn               z - ring of protection from fire
MPRegen 0.13/turn               B - ring of protection from cold

@: berserking, very quick
A: horns 2, retaliatory headbutt
a: Renounce Religion, Berserk, Trog's Hand, Brothers in Arms


You were in the Dungeon.
You worshipped Trog.
Trog was exalted by your worship.
You visited 1 branch You collected 1934 gold pieces.
You spent 873 gold pieces at shops.

Inventory:

Hand Weapons
 a - a +4 executioner's axe of flaming (weapon)
 l - the +5 great sword of Resourcefulness {flame, rF+ rC+}
   (Trog gifted it to you in the Dungeon)

   It burns those it strikes, dealing additional fire damage.
   Big, fiery blades are also staple armaments of hydra-hunters.
   rF:        It protects you from fire.
   rC:        It protects you from cold.
Armour
 b - a +0 plate armour (worn)
 h - a +1 cloak (worn)
 t - a +0 pair of boots (worn)
 u - the -6 pair of gloves of the Harp (worn) {Drain rC++ Dex+7}
   (You bought it in a shop in the Dungeon)

   Dex:       It affects your dexterity (+7).
   rC:        It greatly protects you from cold.
   Drain:     It drains your maximum health when unequipped.
 D - the -4 hat of the Centipede (worn) {Str+4 Int+4}
   (You found it in the Dungeon)

   Str:       It affects your strength (+4).
   Int:       It affects your intelligence (+4).
Jewellery
 z - a ring of protection from fire (left hand)
 B - a ring of protection from cold (right hand)
Wands
 j - a wand of iceblast (10)
 w - a wand of digging (14)
Scrolls
 k - 2 scrolls of enchant weapon
 o - 3 scrolls of identify
 q - 3 scrolls of fog
 r - 6 scrolls of enchant armour
 s - a scroll of silence
Potions
 c - 4 potions of curing
 e - 2 potions of haste
 f - 4 potions of magic
 g - a potion of berserk rage
 i - a potion of invisibility
 m - a potion of might
 n - 2 potions of mutation


   Skills:
 O Level 27 Fighting
 + Level 11.3 Long Blades
 - Level 24.0 Axes
 + Level 21.1 Armour
 + Level 19.6 Dodging
 * Level 12.3 Evocations


You had 13 spell levels left.
You didn't know any spells.
Your spell library was empty.

Dungeon Overview and Level Annotations

Branches:
Dungeon (1/1)

Altars:
Cheibriados
Dithmenos
Elyvilon
Fedhas
Gozag
Hepliaklqana
Kikubaaqudgha
Makhleb
Nemelex Xobeh
Okawaru
Qazlal
Ru
Sif Muna
Trog
Uskayaw
Vehumet
Wu Jian
Xom
Yredelemnul
Zin
The Shining One
Beogh
Jiyva
Lugonu

Shops:
D [?*(

Annotations:
D Mara


Innate Abilities, Weirdness & Mutations

You have a pair of horns on your head.
You reflexively headbutt those who attack you in melee.


Message History

Unknown command.
You are too injured to fight recklessly!
You slice Zeld's illusion!! You burn Zeld's illusion.
Zeld's illusion is heavily wounded.
Mara calls, "Stop!
In seven days from now the wheel of empire will appear!"
Mara blinks!
Zeld's illusion hits you!!!
* * * LOW HITPOINT WARNING * * *
Zeld's illusion burns you.
* * * LOW HITPOINT WARNING * * *
You are too injured to fight recklessly!
You closely miss Zeld's illusion.
Zeld's illusion is heavily wounded.
You closely miss Mara. Mara completely misses you.
Unknown command.
Okay, then.
You feel much better. Zeld's illusion completely misses you.
Mara hits you but does no damage.
You feel much better. Zeld's illusion hits you!!
* * * LOW HITPOINT WARNING * * *
Zeld's illusion burns you.
* * * LOW HITPOINT WARNING * * *
Mara closely misses you.
A red film seems to cover your vision as you go berserk!
You feel yourself moving faster!
You feel mighty! Zeld's illusion misses you.
Mara hits you with a +0 demon whip of electrocution!!
* * * LOW HITPOINT WARNING * * *
Unknown command.
You slice Zeld's illusion!! You burn Zeld's illusion.
Zeld's illusion is severely wounded.
You chop Mara into pieces!!! You burn Mara. Zeld's illusion hits you!
* * * LOW HITPOINT WARNING * * *
Zeld's illusion burns you.
* * * LOW HITPOINT WARNING * * *
Unknown command.
You slice Zeld's illusion!! You burn Zeld's illusion.
You headbutt Zeld's illusion!
Zeld's illusion is almost dead.
You slash Mara!
Mara hits you with a +0 demon whip of electrocution!
You die...

...................▓
▓▓▓▓▓▓▓▓▓▓▓▓▓▓▓▓▓▓▓▓
.)....'............▓
▓▓▓▓▓▓▓▓▓▓▓▓▓▓▓▓▓▓.▓
...................▓
▓▓▓▓▓▓▓▓▓▓▓▓▓▓▓▓▓▓▓▓
.........'.........▓
▓▓▓▓▓▓▓▓▓▓▓▓▓▓▓▓▓▓.▓
,,,,,,,,,.....R@@R.▓
*********▓▓▓▓▓▓▓▓▓▓▓
,,,,,,,,+,,,,,,,,,,*
******************,*
,,,,,,,,,,,,,,,,,,,*
********************
+,,,,,,,,,,,,,+,,,,*
******************,*
,,,,,,,,,,,,,,,,,,,*


You could see 2 Maras and Zeld's illusion.

Vanquished Creatures
  A royal mummy (D)
  An Orb Guardian (D)
  A draconian monk (D)
  2 frost giants (D)
  A fire giant (D)
  3 vault wardens (D)
  An ironbound preserver (D)
  A vampire knight (D)
  An ironbound thunderhulk (D)
  An eleionoma (D)
  A bunyip (D)
  A spark wasp (D)
  An ettin (D)
  A merfolk impaler (D)
  A merfolk javelineer (D)
  A fire dragon (D)
  A hydra (D)
  A great orb of eyes (D)
  2 ice dragons (D)
  A spriggan air mage (D)
  A merfolk avatar (D)
  An ironbound frostheart (D)
  A salamander tyrant (D)
  4 ogre magi (D)
  A deep troll shaman (D)
  A vampire mage (D)
  A tengu warrior (D)
  A spriggan berserker (D)
  A shock serpent (D)
  A hell knight (D)
  A naga sharpshooter (D)
  A pharaoh ant (D)
  An orb spider (D)
  A sea snake (D)
  A bog body (D)
  A steelbarb worm (D)
  A wizard (D)
  2 deep trolls (D)
  A naga ritualist (D)
  A lindwurm (D)
  A deep elf pyromancer (D)
  2 orc knights (D)
  3 ironbound convokers (D)
  An ugly thing (D)
  2 cyclopes (D)
  3 manticores (D)
  A will-o-the-wisp (D)
  A black mamba (D)
  A guardian serpent (D)
  2 vault sentinels (D)
  A water nymph (D)
  A torpor snail (D)
  3 cane toads (D)
  2 yaktaurs (D)
  A tengu conjurer (D)
  2 rime drakes (D)
  A komodo dragon (D)
  A guardian mummy (D)
  A merfolk (D)
  2 trolls (D)
  3 slime creatures (D)
  A tyrant leech (D)
  A meliai (D)
  A blink frog (D)
  A jumping spider (D)
  A spriggan (D)
  A culicivora (D)
  A wraith (D)
  2 wyverns (D)
  A water elemental (D)
  Eustachio (D)
  2 yaks (D)
  3 redbacks (D)
  2 wargs (D)
  2 hell hounds (D)
  2 water moccasins (D)
  10 orc warriors (D)
  A black bear (D)
  A necrophage (D)
  5 wolves (D)
  3 centaurs (D)
  3 bullfrogs (D)
  A killer bee (D)
  6 orc priests (D)
  A jelly (D)
  4 orc wizards (D)
  An ufetubus (D)
  5 orcs (D)
  A ball python (D)
  A kobold (D)
  A bat (D)
  2 rats (D)
151 creatures vanquished.

Vanquished Creatures (collateral kills)
  A fire giant (D)
  A vault warden (D)
  2 stone giants (D)
  A very ugly thing (D)
  A vampire knight (D)
  A fire dragon (D)
  A yaktaur captain (D)
  2 naga warriors (D)
  An ice dragon (D)
  3 ogre magi (D)
  An anaconda (D)
  A spriggan air mage (D)
  An ironbound frostheart (D)
  2 tengu warriors (D)
  A deep troll earth mage (D)
  A goliath frog (D)
  A deep troll (D)
  An ironbound convoker (D)
  An ugly thing (D)
  A komodo dragon (D)
  A troll (D)
  A tyrant leech (D)
  A vampire mosquito (D)
  An orc warrior (D)
29 creatures vanquished.

Vanquished Creatures (others)
  A bloated husk (D)
1 creature vanquished.

Grand Total: 181 creatures vanquished

Notes
Turn   | Place    | Note
-------+----------+-------------------------------------------
     0 | D        | Zeld the Minotaur Berserker began the quest for the Orb.
     0 | D        | Reached XP level 1. HP: 19/19 MP: 0/0
     5 | D        | Reached skill level 4 in Fighting
    11 | D        | Reached ** piety under Trog
   281 | D        | Noticed a jelly
   281 | D        | Noticed a necrophage
   281 | D        | Noticed a black bear
   284 | D        | Reached XP level 2. HP: 28/28 MP: 1/1
   285 | D        | Reached *** piety under Trog
   286 | D        | Reached skill level 5 in Fighting
   286 | D        | Reached skill level 5 in Axes
   286 | D        | Reached XP level 3. HP: 37/37 MP: 2/2
   292 | D        | Killed a necrophage
   293 | D        | Reached skill level 7 in Fighting
   293 | D        | Reached skill level 5 in Armour
   293 | D        | Reached XP level 4. HP: 48/48 MP: 3/3
   297 | D        | Killed a black bear
   298 | D        | Reached skill level 9 in Fighting
   298 | D        | Reached skill level 5 in Dodging
   298 | D        | Reached XP level 5. HP: 57/57 MP: 4/4
   386 | D        | Found a snail-covered altar of Cheibriados.
   386 | D        | Found a shadowy altar of Dithmenos.
   386 | D        | Found a white marble altar of Elyvilon.
   386 | D        | Found a blossoming altar of Fedhas.
   386 | D        | Found an opulent altar of Gozag.
   458 | D        | Found a hazy altar of Hepliaklqana.
   459 | D        | Found a viscous altar of Jiyva.
   460 | D        | Found an ancient bone altar of Kikubaaqudgha.
   461 | D        | Found a corrupted altar of Lugonu.
   462 | D        | Found a burning altar of Makhleb.
   463 | D        | Found a sparkling altar of Nemelex Xobeh.
   464 | D        | Found an iron altar of Okawaru.
   465 | D        | Found a stormy altar of Qazlal.
   466 | D        | Found a sacrificial altar of Ru.
   467 | D        | Found a shimmering blue altar of Sif Muna.
   468 | D        | Found a bloodstained altar of Trog.
   469 | D        | Found a hide-covered altar of Uskayaw.
   470 | D        | Found a radiant altar of Vehumet.
   471 | D        | Found an ornate altar of the Wu Jian Council.
   472 | D        | Found a shimmering altar of Xom.
   473 | D        | Found a basalt altar of Yredelemnul.
   474 | D        | Found a glowing silver altar of Zin.
   475 | D        | Found a glowing golden altar of the Shining One.
   527 | D        | Noticed a centaur
   527 | D        | Noticed a wyvern
   527 | D        | Noticed a centaur
   527 | D        | Noticed a centaur
   531 | D        | Killed a centaur
   531 | D        | Reached **** piety under Trog
   532 | D        | Reached XP level 6. HP: 66/66 MP: 5/5
  1070 | D        | Killed a wyvern
  1071 | D        | Reached skill level 10 in Fighting
  1071 | D        | Reached skill level 10 in Axes
  1074 | D        | Reached skill level 11 in Fighting
  1074 | D        | Reached XP level 7. HP: 64/74 MP: 6/6
  1221 | D        | Noticed a wraith
  1221 | D        | Noticed a manticore
  1221 | D        | Noticed a komodo dragon
  1221 | D        | Noticed a meliai
  1221 | D        | Noticed a deep elf pyromancer
  1223 | D        | Killed a wraith
  1224 | D        | Reached skill level 12 in Fighting
  1227 | D        | Killed a manticore
  1227 | D        | Reached ***** piety under Trog
  1228 | D        | Reached skill level 13 in Fighting
  1228 | D        | Reached XP level 8. HP: 85/86 MP: 7/7
  1228 | D        | Identified the +5 great sword of Resourcefulness {flame,
                  | rF+ rC+} (Trog gifted it to you in the Dungeon)
  1228 | D        | Received a gift from Trog
  1234 | D        | Killed a komodo dragon
  1236 | D        | Killed a meliai
  1242 | D        | Killed a deep elf pyromancer
  1243 | D        | Reached skill level 14 in Fighting
  1243 | D        | Reached skill level 10 in Armour
  1243 | D        | Reached XP level 9. HP: 50/96 MP: 8/8
  1532 | D        | Noticed a cane toad
  1533 | D        | Noticed a rime drake
  1537 | D        | Killed a cane toad
  1538 | D        | Reached skill level 15 in Fighting
  1538 | D        | Noticed a torpor snail
  1539 | D        | Reached skill level 15 in Axes
  1539 | D        | Reached skill level 10 in Dodging
  1542 | D        | Received a gift from Trog
  1543 | D        | Killed a rime drake
  1547 | D        | Killed a torpor snail
  1548 | D        | Reached skill level 16 in Fighting
  1775 | D        | Noticed a cane toad
  1775 | D        | Noticed a rime drake
  1781 | D        | Killed a cane toad
  1781 | D        | Noticed a komodo dragon
  1783 | D        | Noticed a cane toad
  1785 | D        | Reached XP level 10. HP: 108/108 MP: 9/9
  1789 | D        | Reached ****** piety under Trog
  1792 | D        | Received a gift from Trog
  1792 | D        | Noticed an eight-headed hydra
  1805 | D        | Reached skill level 17 in Fighting
  2256 | D        | Killed a five-headed hydra
  2259 | D        | Killed a cane toad
  2458 | D        | Received a gift from Trog
  2459 | D        | Reached skill level 18 in Fighting
  2674 | D        | Noticed an orc knight
  2684 | D        | Killed an orc knight
  2699 | D        | Received a gift from Trog
  2920 | D        | Noticed an orc knight
  2930 | D        | Killed an orc knight
  2931 | D        | Reached XP level 11. HP: 121/121 MP: 10/10
  2932 | D        | Received a gift from Trog
  3280 | D        | Found Lubax's Antique Armour Emporium.
  3280 | D        | Noticed a deep troll
  3280 | D        | Noticed an ogre mage
  3280 | D        | Noticed an ogre mage
  3280 | D        | Noticed an ogre mage
  3280 | D        | Noticed an ogre mage
  3281 | D        | Noticed an ogre mage
  3283 | D        | Killed a deep troll
  3284 | D        | Reached skill level 19 in Fighting
  3288 | D        | Killed an ogre mage
  3294 | D        | Killed an ogre mage
  3297 | D        | Killed an ogre mage
  3298 | D        | Found Icses's Magic Scroll Shoppe.
  3304 | D        | Noticed a deep troll
  3306 | D        | Noticed an ogre mage
  3309 | D        | Killed an ogre mage
  3311 | D        | Killed an ogre mage
  3311 | D        | Received a gift from Trog
  3312 | D        | Reached skill level 20 in Fighting
  3312 | D        | Killed a deep troll
  3316 | D        | Killed an ogre mage
  3606 | D        | Found Omac's Assorted Antiques.
  3610 | D        | Found Aliwoal's Antique Weapon Shoppe.
  3613 | D        | Bought a pair of distressingly furry gloves for 275 gold
                  | pieces
  3613 | D        | Identified the -6 pair of gloves of the Harp {Drain rC++
                  | Dex+7} (You bought it in a shop in the Dungeon)
  3614 | D        | Noticed a deep troll
  3615 | D        | Noticed an ogre mage
  3622 | D        | Killed a deep troll
  3625 | D        | Paralysed by something for 7 turns
  3635 | D        | Killed an ogre mage
  3636 | D        | Reached skill level 15 in Armour
  3771 | D        | Bought a potion of heal wounds for 165 gold pieces
  3771 | D        | Bought a scroll labelled HETWUTWUFOOWK for 33 gold pieces
  3771 | D        | Bought a hat for 132 gold pieces
  3771 | D        | Bought a scroll of fog for 66 gold pieces
  3773 | D        | Bought a scroll of blinking for 82 gold pieces
  3773 | D        | Bought a scroll of identify for 22 gold pieces
  3773 | D        | Bought a scroll of magic mapping for 38 gold pieces
  3773 | D        | Bought a scroll of fog for 22 gold pieces
  3773 | D        | Bought a scroll of fear for 38 gold pieces
  3971 | D        | Got the -4 hat of the Centipede {Str+4 Int+4}
  4222 | D        | Noticed a green ugly thing
  4222 | D        | Noticed a tengu warrior
  4227 | D        | Reached skill level 21 in Fighting
  4229 | D        | Killed a green ugly thing
  4230 | D        | Reached XP level 12. HP: 136/136 MP: 11/11
  4232 | D        | Received a gift from Trog
  4240 | D        | Killed a tengu warrior
  4240 | D        | Noticed a tengu warrior
  4242 | D        | Noticed a fire dragon
  4243 | D        | Noticed a vampire knight
  4249 | D        | Noticed a fire giant
  4255 | D        | Killed a vampire knight
  4255 | D        | Received a gift from Trog
  4268 | D        | Killed a tengu warrior
  4269 | D        | Reached skill level 22 in Fighting
  4271 | D        | Killed a fire dragon
  4275 | D        | Killed a fire giant
  4275 | D        | Noticed a spriggan air mage
  4276 | D        | Reached skill level 15 in Dodging
  4280 | D        | Killed a spriggan air mage
  4280 | D        | Received a gift from Trog
  4837 | D        | Noticed a spark wasp
  4849 | D        | Killed a spark wasp
  4850 | D        | Reached skill level 23 in Fighting
  4865 | D        | Received a gift from Trog
  5056 | D        | Noticed a naga warrior
  5056 | D        | Noticed a salamander tyrant
  5061 | D        | Noticed a naga warrior
  5063 | D        | Noticed an anaconda
  5064 | D        | Killed a salamander tyrant
  5070 | D        | Reached XP level 13. HP: 148/148 MP: 12/12
  5086 | D        | Received a gift from Trog
  5388 | D        | Noticed an eleionoma
  5388 | D        | Noticed a bunyip
  5391 | D        | Killed an eleionoma
  5392 | D        | Reached skill level 24 in Fighting
  5400 | D        | Received a gift from Trog
  5407 | D        | Killed a bunyip
  5878 | D        | Noticed a merfolk impaler
  5878 | D        | Noticed a merfolk javelineer
  5881 | D        | Killed a merfolk javelineer
  5885 | D        | Killed a merfolk impaler
  5891 | D        | Reached skill level 25 in Fighting
  5892 | D        | Received a gift from Trog
  5905 | D        | Received a gift from Trog
  6784 | D        | Noticed Eustachio
  6792 | D        | Killed Eustachio
  6838 | D        | Noticed a fire giant
  6838 | D        | Noticed a frost giant
  6843 | D        | Killed a fire giant
  6844 | D        | Reached skill level 1 in Long Blades
  6844 | D        | Reached skill level 1 in Evocations
  6848 | D        | Noticed a stone giant
  6849 | D        | Killed a frost giant
  6849 | D        | Received a gift from Trog
  6850 | D        | Noticed a stone giant
  6856 | D        | Noticed a frost giant
  6876 | D        | Killed a stone giant
  6877 | D        | Reached skill level 26 in Fighting
  6877 | D        | Reached skill level 5 in Evocations
  6881 | D        | Killed a stone giant
  6945 | D        | Received a gift from Trog
  6946 | D        | Reached skill level 5 in Long Blades
  7005 | D        | Killed a frost giant
  7021 | D        | Noticed a vampire knight
  7023 | D        | Paralysed by a vampire knight for 3 turns
  7028 | D        | Killed a vampire knight
  7321 | D        | Received a gift from Trog
  7322 | D        | Reached XP level 14. HP: 161/166 MP: 13/13
  7847 | D        | Noticed a vault warden
  7848 | D        | Noticed an ironbound thunderhulk
  7850 | D        | Received a gift from Trog
  7862 | D        | Killed a vault warden
  7863 | D        | Noticed a cyan very ugly thing
  7869 | D        | Reached skill level 27 in Fighting
  7877 | D        | Received a gift from Trog
  7878 | D        | Noticed a vault warden
  7880 | D        | Killed an ironbound thunderhulk
  7882 | D        | Killed a cyan very ugly thing
  7884 | D        | Killed a vault warden
  7901 | D        | Noticed an ironbound preserver
  7901 | D        | HP: 2/168 [yaktaur captain/bolt (21)]
  7918 | D        | Noticed a vault warden
  7991 | D        | Killed a vault warden
  7992 | D        | Reached skill level 10 in Evocations
  7995 | D        | Killed an ironbound preserver
  8315 | D        | Noticed a vault warden
  8325 | D        | Killed a vault warden
  8326 | D        | Reached skill level 10 in Long Blades
  8402 | D        | Noticed a green draconian monk
  8402 | D        | Noticed an Orb Guardian
  8402 | D        | Noticed a royal mummy
  8410 | D        | Killed a green draconian monk
  8411 | D        | Received a gift from Trog
  8422 | D        | Killed a royal mummy
  8426 | D        | Killed an Orb Guardian
  8783 | D        | Noticed Mara
  8784 | D        | Noticed Zeld's illusion
  8798 | D        | Slain by Mara (illusionary)

Illustrated notes

Levels and vault maps discovered:
D:        linesprint [early_d, line_temple, items_1, d_10, items_2, lair_1,
          lair_end, items_3, orc_1, orc_end, items_4, d_15, swamp_1, shoals_1,
          snake_1, spider_1, d_20, vaults_1, items_5, swamp_end, shoals_end,
          snake_end, spider_end, vaults_end, d_27, items_6, zot_1, zot_end,
          crypt_end, forest_end, elf_end, slime_end, tomb_end, abyss_end,
          pan_hell_end]

Skill      XL: |  1  2  3  4  5  6  7  8  9 10 11 12 13 14 |
---------------+-------------------------------------------+-----
Fighting       | 4 5 7 9 11 13 14 16 18 21 23 26 27 | 27.0
Axes           | 4 5 7 8 9 11 12 14 16 18 21 23 24 | 24.0
Armour         | 3 5 6 7 9 10 11 13 15 17 19 21 | 21.1
Dodging        | 3 4 5 6 7 8 9 10 12 14 15 17 19 | 19.6
Long Blades    | 6 11 | 11.3
Evocations     | 6 12 | 12.3

Action                   |  1- 3 |  4- 6 |  7- 9 | 10-12 | 13-15 || total
-------------------------+-------+-------+-------+-------+-------++-------
Melee: Hand axe          |    19 |    16 |    10 |       |       ||    45
       Headbutt          |     2 |     3 |    12 |    30 |    38 ||    85
       War axe           |       |       |    17 |       |       ||    17
       Great sword       |       |       |    16 |       |       ||    16
       Battleaxe         |       |       |     8 |   116 |       ||   124
       Executioner's axe |       |       |       |    79 |   163 ||   242
Invok: Berserk           |     1 |     2 |     3 |     7 |     9 ||    22
       Brothers in Arms  |       |     1 |       |     6 |    14 ||    21
  Use: Scroll            |       |     1 |       |     2 |     5 ||     8
       Potion            |       |       |       |       |    10 ||    10
Armor: Animal skin       |     8 |     1 |       |       |       ||     9
       Plate armour      |       |     9 |    19 |    97 |    29 ||   154
Dodge: Dodged            |    10 |     7 |    27 |    80 |    80 ||   204
